 Dungeon Crawl Stone Soup version 0.29.0-4-gdea44cf6ec (webtiles) character file.

Game seed: 6052239912424664292

620 qw the Chopper (level 7, -3/43 HPs)
             Began as a Tengu Warper on Aug 28, 2022.
             Slain by a two-headed ogre
             ... wielding a +0 dire flail
              (15 damage)
             ... on level 8 of the Dungeon.
             The game lasted 00:00:31 (5803 turns).

qw the Chopper (Tengu Warper)                       Turns: 5803, Time: 00:00:31

Health: -3/43      AC: 15    Str: 13    XL:     7   Next: 46%
Magic:  11/11      EV: 11    Int: 14    God:
Gold:   173        SH:  0    Dex: 13    Spells: 10/10 levels left

rFire   . . .      SeeInvis .   Y - +0 hand axe
rCold   . . .      Faith    .   (no shield)
rNeg    . . .      Spirit   .   d - +0 chain mail
rPois   .          Reflect  .   (helmet restricted)
rElec   .          Harm     .   (no cloak)
rCorr   .          Rampage  .   b - +1 pair of gloves
Will    .....                   (boots unavailable)
Stlth   ..........              (no amulet)
HPRegen 0.14/turn               i - +4 ring of protection
MPRegen 0.12/turn               o - +4 ring of evasion

@: flying quickly and evasively, quick
A: beak, talons 3, nimble flight
a: no special abilities


You were on level 8 of the Dungeon.
You visited 1 branch of the dungeon, and saw 6 of its levels.

You collected 173 gold pieces.


Innate Abilities, Weirdness & Mutations

You have a beak for a mouth.
You have claws for feet.
Your magical nature lets you fly swiftly and evasively.


   Skills:
 - Level 4.1 Fighting
 + Level 7.1 Axes
 - Level 1.0 Throwing
 - Level 3.2 Armour
 - Level 2.1 Dodging
 - Level 2.0 Spellcasting
 - Level 2.4 Translocations


You had 10 spell levels left.
You didn't know any spells.
Your spell library contained the following spells:

 Spells                   Type           Power      Damage    Failure   Level
 Blink                    Tloc           16%        N/A       99%         2
 Gell's Gravitas          Tloc           8%         N/A       100%        3
 Lesser Beckoning         Tloc           8%         N/A       100%        3
 Teleport Other           Tloc           8%         N/A       100%        3
 Manifold Assault         Tloc           8%         N/A       100%        5

Inventory:

Hand Weapons
 l - a +0 flail
 Y - a +0 hand axe (weapon)
Missiles
 c - 10 boomerangs (quivered)
Armour
 b - a +1 pair of gloves (worn)
 d - a +0 chain mail (worn)
Jewellery
 i - a +4 ring of protection (left hand)
 o - a +4 ring of evasion (right hand)
 p - a ring of fire
Scrolls
 q - a scroll of identify {unknown}
 r - a scroll of teleportation
Potions
 a - a potion of mutation {unknown}
 e - a potion of attraction {unknown}
 f - a potion of magic {unknown}
 g - a potion of degeneration {unknown}
 h - a potion of heal wounds {unknown}
 j - a potion of cancellation
 m - 2 potions of curing
 n - a potion of lignification {unknown}

Dungeon Overview and Level Annotations

Branches:
Dungeon (5/15)
 Temple: D:4-7

Altars:
Trog

Annotations:
D:2 1 runed translucent door, Crazy Yiuf


Message History

There is an open door here.
You reach down and open the door.
There is an open door here.
A sourceless malevolence fills the Dungeon...
You are sucked into a shaft and drop 3 floors!
The shaft crumbles and collapses.
Found a rapier.
Existing waypoints: (1) D:4 (2) D:5 Assign waypoint to what number? (0-9, D - delete waypoint) Waypoint 1 re-assigned from D:4 to D:8.
Enter note: A two-headed ogre comes into view.
It is wielding a +0 dire flail and a +0 giant spiked club.
Found a brown potion.
The two-headed ogre shouts in stereo!
Throw: 3 javelins
Press: ? - help, Q - select action, (/) - cycle Shift-Dir - straight line, f - two-headed ogre You throw a javelin.
The javelin pierces through the two-headed ogre but does no damage.
Throw: 2 javelins
Press: ? - help, Q - select action, (/) - cycle Shift-Dir - straight line, f/p - two-headed ogre You throw a javelin.
The javelin pierces through the two-headed ogre.
The two-headed ogre is lightly wounded.
Throw: javelin
Press: ? - help, Q - select action, (/) - cycle Shift-Dir - straight line, f/p - two-headed ogre You throw a javelin.
The javelin pierces through the two-headed ogre.
The two-headed ogre is lightly wounded.
You hit the two-headed ogre. You peck the two-headed ogre.
The two-headed ogre is moderately wounded.
The two-headed ogre hits you with a +0 dire flail.
The two-headed ogre hits you with a +0 giant spiked club!!
Ouch! That really hurt!
You hit the two-headed ogre.
You claw the two-headed ogre, but do no damage.
You peck the two-headed ogre.
The two-headed ogre is moderately wounded.
The two-headed ogre hits you with a +0 dire flail!
You die...

#........## #
#.........#.
#.#....... .
#.......# ..#
#.....# ....
#.....#
.....##...### .
....!.....#....
)......@.......
....$..O..#...#
..........#..##
..............#
..............#
.$.....###.....
.....?. ...##
..((.!. ...#


You could see a two-headed ogre.

Vanquished Creatures
  Prince Ribbit (D:5)
  2 scorpions (D:4)
  2 howler monkeys (D:5)
  3 iguanas
  5 adders
  A worm (D:2)
  A dart slug (D:4)
  9 orcs
  10 endoplasms
  4 giant cockroaches
  8 goblins
  10 hobgoblins
  10 kobolds
  4 quokkas
  A ball python (D:2)
  10 bats
  3 frilled lizards
  4 rats
88 creatures vanquished.

Notes
Turn   | Place    | Note
-------+----------+-------------------------------------------
     0 | D:1      | qw the Tengu Warper began the quest for the Orb.
     0 | D:1      | Reached XP level 1. HP: 12/12 MP: 4/4
     0 | D:1      | 0 ||| qw: Version: 0.1-a-89-g26bdef1
     0 | D:1      | 0 ||| qw: Game counter: 2504
     0 | D:1      | 0 ||| qw: Always use a shield: true
     0 | D:1      | 0 ||| qw: God list: Okawaru
     0 | D:1      | 0 ||| qw: Allow faded altars: false
     0 | D:1      | 0 ||| qw: Do Orc after D:15 true
     0 | D:1      | 0 ||| qw: Do second Lair branch before Depths: true
     0 | D:1      | 0 ||| qw: Lair rune preference: random
     0 | D:1      | 0 ||| qw: Plans: Normal
     0 | D:1      | 0 ||| PLANNING D:1-11
   322 | D:1      | Reached XP level 2. HP: 17/17 MP: 6/6
   325 | D:1      | Reached skill level 3 in Axes
   674 | D:1      | 674 ||| DROPPING +0 club.
   851 | D:1      | Reached XP level 3. HP: 17/21 MP: 7/7
  1177 | D:1      | 1177 ||| UPGRADING to +0 ring mail.
  1187 | D:1      | 1187 ||| DROPPING +0 leather armour.
  1188 | D:1      | 1188 ||| READING 2 scrolls labelled NECOOTZ HOBY.
  1189 | D:1      | 1189 ||| READING scroll labelled PUEVVET KOKOH.
  1190 | D:1      | 1190 ||| READING scroll labelled UROSUYSUKOL.
  1291 | D:1      | 1291 ||| READING scroll labelled PEMUGA ZUONT.
  1418 | D:1      | 1418 ||| READING scroll labelled AVOAPPESK GUFI.
  1419 | D:1      | 1419 ||| DROPPING scroll of poison.
  1420 | D:1      | 1420 ||| DROPPING scroll of blinking.
  1457 | D:2      | 1457 ||| Stepping ~*~*~tactically~*~*~ (stealth).
  1458 | D:2      | 1458 ||| Stepping ~*~*~tactically~*~*~ (stealth).
  1469 | D:2      | Reached skill level 4 in Axes
  1494 | D:2      | 1494 ||| Stepping ~*~*~tactically~*~*~ (stealth).
  1495 | D:2      | 1495 ||| Stepping ~*~*~tactically~*~*~ (stealth).
  1667 | D:2      | Found a faded altar of an unknown god.
  2131 | D:2      | Found a runed translucent door.
  2132 | D:2      | Noticed Crazy Yiuf
  2226 | D:2      | Reached XP level 4. HP: 12/26 MP: 8/8
  2614 | D:2      | 2614 ||| UPGRADING to +0 pair of gloves.
  2619 | D:2      | 2619 ||| UPGRADING to +0 chain mail.
  2629 | D:2      | 2629 ||| DROPPING +0 ring mail.
  2630 | D:2      | 2630 ||| READING scroll of enchant armour.
  2630 | D:2      | 2630 ||| ENCHANTING +0 pair of gloves.
  2631 | D:2      | 2631 ||| READING scroll labelled NIPE OSOIMEGE.
  2687 | D:2      | 2687 ||| READING scroll labelled ZIVUDD ZOOPS.
  2688 | D:2      | 2688 ||| DRINKING 2 orange potions.
  2758 | D:3      | 2758 ||| STAIRDANCE
  3175 | D:3      | Reached skill level 5 in Axes
  3218 | D:3      | 3218 ||| Stepping ~*~*~tactically~*~*~ (stealth).
  3220 | D:3      | 3220 ||| Stepping ~*~*~tactically~*~*~ (stealth).
  3221 | D:3      | 3221 ||| Stepping ~*~*~tactically~*~*~ (stealth).
  3222 | D:3      | 3222 ||| Stepping ~*~*~tactically~*~*~ (stealth).
  3662 | D:3      | 3662 ||| DROPPING ring of flight.
  3663 | D:3      | 3663 ||| UPGRADING to +4 ring of protection.
  3664 | D:3      | 3664 ||| READING scroll labelled YRIAVE DUUTUIT.
  3665 | D:3      | 3665 ||| READING scroll labelled VISOSS MOSTO.
  3758 | D:4      | Noticed a scorpion
  3767 | D:4      | Killed a scorpion
  3768 | D:4      | Reached skill level 3 in Armour
  3768 | D:4      | Gained mutation: Your magical nature lets you fly swiftly
                  | and evasively. [Tengu growth]
  3768 | D:4      | Reached XP level 5. HP: 21/30 MP: 9/9
  3807 | D:4      | 3807 ||| FLEEEEING.
  3808 | D:4      | 3808 ||| STAIRDANCE
  3848 | D:3      | 3848 ||| DRINKING 2 murky emerald potions.
  3876 | D:4      | Found a bloodstained altar of Trog.
  3957 | D:4      | 3957 ||| Stepping ~*~*~tactically~*~*~ (hiding).
  4069 | D:4      | Reached XP level 6. HP: 35/35 MP: 10/10
  4257 | D:4      | 4257 ||| DROPPING +0 whip.
  4290 | D:4      | HP: 7/35 [iguana (6)]
  4291 | D:4      | 4291 ||| READING scroll of teleportation.
  4291 | D:4      | HP: 1/35 [iguana (6)]
  4293 | D:4      | Reached skill level 6 in Axes
  4622 | D:4      | Identified the +0 leather armour "Wucisiam" {rPois Dex+2}
  4697 | D:4      | 4697 ||| UPGRADING to +4 ring of evasion.
  4720 | D:5      | Entered Level 5 of the Dungeon
  5015 | D:5      | 5015 ||| Stepping ~*~*~tactically~*~*~ (stealth).
  5080 | D:5      | Reached skill level 7 in Axes
  5153 | D:5      | Noticed Prince Ribbit
  5171 | D:5      | HP: 1/35 [Prince Ribbit (8)]
  5174 | D:5      | Killed Prince Ribbit
  5175 | D:5      | Reached XP level 7. HP: 1/43 MP: 11/11
  5792 | D:5      | You are sucked into a shaft and drop 3 floors!
  5797 | D:8      | Noticed a two-headed ogre
  5803 | D:8      | Slain by a two-headed ogre

Levels and vault maps discovered:
D:1:      ncdulo_wetmaze, layout_basic, minmay_tiny_reverse_x
D:2:      layout_loops_ring, hellmonk_ecumenical_altar_lost_god,
          uniq_crazy_yiuf_cottage
D:3:      kennysheep_six_static_rooms, layout_rooms, hex_tiny, fountainhead
D:4:      layout_rooms, trog_butcher_becter, kennysheep_generic_room_13
D:5:      layout_gridville, roderic_nine_men_s_morris, uniq_prince_ribbit1
D:8:      layout_cave_pools, xom_shifter_show, lemuel_crystal_altar,
          minmay_crystal_room

Skill      XL: |  1  2  3  4  5  6 |
---------------+-------------------+-----
Axes           | 3 4 5 7 |  7.1
Armour         | 3 |  3.2
Fighting       | 4 |  4.1
Throwing       | |  1.0
Dodging        | |  2.1
Spellcasting   | |  2.0
Translocations | |  2.4

Action                   |  1- 3 |  4- 6 |  7- 9 || total
-------------------------+-------+-------+-------++-------
Melee: Hand axe          |    83 |   145 |     7 ||   235
       Kick              |    22 |    38 |     1 ||    61
       Peck              |    10 |    26 |     2 ||    38
       Punch             |     1 |     1 |       ||     2
Throw: Boomerang         |     7 |     2 |       ||     9
       Javelin           |       |    62 |     5 ||    67
  Use: Scroll            |     5 |     6 |       ||    11
       Potion            |       |     2 |       ||     2
Armor: Leather armour    |     6 |       |       ||     6
       Ring mail         |    16 |       |       ||    16
       Chain mail        |       |    81 |     1 ||    82
Dodge: Dodged            |    35 |    38 |     4 ||    77

Table legend:
 A = Non-vault XP
 B = Vault XP
 C = Vault XP percentage of total XP
 D = Non-vault monster count
 E = Vault monster count
 F = Vault count percentage of total count
                 A         B        C        D         E       F
            +---------+---------+-------+---------+---------+-------
      Total |     516 |     371 |  41.8 |      73 |      15 |  17.0
            +---------+---------+-------+---------+---------+-------
        D:1 |      34 |       4 |  10.5 |      20 |       2 |   9.1
        D:2 |      49 |       0 |   0.0 |      15 |       0 |   0.0
        D:3 |      35 |      23 |  39.7 |      19 |       6 |  24.0
        D:4 |     185 |      48 |  20.6 |      12 |       6 |  33.3
        D:5 |     213 |     296 |  58.2 |       7 |       1 |  12.5
            +---------+---------+-------+---------+---------+-------
